 Dungeon Crawl Stone Soup version 0.31-a0-177-g4aa6249778 (webtiles) character file.

Game seed: 30195278443453826

8 Nedwor the Trooper (level 2, 24/24 HPs)
             Began as a Demonspawn Fighter on June 19, 2023.
             Quit the game on level 1 of the Dungeon.
             The game lasted 00:00:30 (123 turns).

Nedwor the Trooper (Demonspawn Fighter)              Turns: 123, Time: 00:00:31

Health: 24/24      AC:  6    Str: 16    XL:     2   Next: 0%
Magic:  2/2        EV:  8    Int:  9    God:
Gold:   8          SH:  4    Dex: 12    Spells: 1/1 levels left

rFire   . . .        a - +0 rapier
rCold   . . .        c - +0 buckler
rNeg    . . .        b - +0 scale mail
rPois   .            (no helmet)
rElec   .            (no cloak)
rCorr   .            (no gloves)
SInv    .            (no boots)
Will    .....        (no amulet) Stlth
                     (no ring)
HPRegen 0.24/turn    (no ring)
MPRegen 0.08/turn

%: no passive effects
@: no status effects
A: demonic magic 1
a: no special abilities


You were on level 1 of the Dungeon.
You visited 1 branch of the dungeon, and saw 1 of its levels.

You collected 8 gold pieces.

Inventory:

Hand Weapons
 a - a +0 rapier (weapon)
Armour
 b - a +0 scale mail (worn)
 c - a +0 buckler (worn)
Scrolls
 f - a scroll of revelation {unknown}
 g - a scroll of identify {unknown}
 j - a scroll of silence {unknown}
Potions
 d - a potion of might
 e - a potion of enlightenment {unknown}
 h - 2 potions of cancellation {unknown}
 i - a potion of brilliance {unknown}
 k - a potion of curing {unknown}


   Skills:
 + Level 3.1 Fighting
 * Level 2.0 Short Blades
 + Level 2.8 Armour
 + Level 0.2 Dodging
 + Level 2.7 Shields


You had one spell level left.
You didn't know any spells.
Your spell library was empty.

Dungeon Overview and Level Annotations

Branches:
Dungeon (1/15)

Altars:


Innate Abilities, Weirdness & Mutations

Spells you cast may paralyse adjacent enemies.


Message History

There is an open door here.
You open the door.
There is an open door here.
You open the door.
There is an open door here.
You open the door.
There is an open door here.
Found a stone staircase leading down.
There is a stone staircase leading down here.
k - a puce potion A dart slug comes into view.
A dart slug is nearby!
The dart slug launches a dart at you. You block the slug dart.
A rat comes into view.
The rat moves out of view.
You hit the dart slug but do no damage. The dart slug bites you.
You hit the dart slug but do no damage. The dart slug barely misses you.
You hit the dart slug.
The dart slug is heavily wounded.
You block the dart slug's attack.
You hit the dart slug.
The dart slug is almost dead.
You hit the dart slug.
You kill the dart slug!
The rat bites you but does no damage.
Your Short Blades skill increases to level 2!
You barely miss the rat. The rat closely misses you.
You hit the rat.
The rat is severely wounded.
You block the rat's attack.
You hit the rat.
You kill the rat!
You have reached level 2!
Your demonic ancestry asserts itself...
A menacing aura infuses your magic.
Search for what [? for help]? armor Search for what [Enter for "armor", or ? for help]? cloak Can't find anything matching that.
Are you sure you want to abandon this character and quit the game? (Confirm with "yes".)

...# #..# ###..#
..#..# #. . #.#..+# ..
#..#####.#... ###
#........#.###########
..
.......@......>.......
#
......†....###.#######
#### ....######## #.#
... ... #.# .###### .
#.# .#....+ #.#
.#....# #.# .#..# #.#
...# #.#


There were no monsters in sight!

Vanquished Creatures
  A dart slug (D:1)
  An endoplasm (D:1)
  A quokka (D:1)
  A ball python (D:1)
  A bat (D:1)
  2 rats (D:1)
7 creatures vanquished.

Notes
Turn   | Place    | Note
-------+----------+-------------------------------------------
     0 | D:1      | Nedwor the Demonspawn Fighter began the quest for the Orb.
     0 | D:1      | Reached XP level 1. HP: 18/18 MP: 1/1
   123 | D:1      | Gained mutation: Spells you cast may paralyse adjacent
                  | enemies. [demonic ancestry]
   123 | D:1      | Reached XP level 2. HP: 24/24 MP: 2/2
   123 | D:1      | Quit the game

Illustrated notes

Levels and vault maps discovered:
D:1:      scummos_arrival_simple_fountains, layout_basic, serial_shops,
          shop_coins, basic_ecumenical_altar, minmay_3d_cube

Skill      XL: |  1 |
---------------+----+-----
Short Blades   | 2 |  2.0
Fighting       | |  3.1
Armour         | |  2.8
Dodging        | |  0.2
Shields        | |  2.7

Action                     || total
---------------------------++-------
  Melee: Rapier            ||    17
 Armour: Scale mail        ||     5
  Dodge: Dodged            ||     8
  Block: Buckler           ||     5

Table legend: (Time is in decaauts)
 A = Elapsed time spent in this place.
 B = Non-inter-level travel time spent in this place.
 C = Inter-level travel time spent in this place.
 D = Time resting spent in this place.
 E = Time spent auto-exploring this place.
 F = Levels seen in this place.
 G = Mean time per level.
                   A        B        C        D        E       F      G
               +--------+--------+--------+--------+--------+-----+--------+
         Total |    125 |    125 |      0 |      0 |     73 |   1 |  125.0 |
       Dungeon |    125 |    125 |      0 |      0 |     73 |   1 |  125.0 |
               +--------+--------+--------+--------+--------+-----+--------+

Top non-repeatable levels by time:
     D:1: 125 daAuts
